 Dungeon Crawl Stone Soup version 0.23.2-1-ga50397a6bc (webtiles) character file.

Game seed: 10436369332028213007

492 Morrissey the Cudgeler (level 7, -3/44 HPs)
             Began as a Gargoyle Fighter on Apr 17, 2019.
             Slain by an ogre
             ... wielding a +0 giant club
              (22 damage)
             ... on level 5 of the Dungeon.
             The game lasted 00:05:25 (3509 turns).

Morrissey the Cudgeler (Gargoyle Fighter)           Turns: 3509, Time: 00:05:26

Health: -3/44      AC: 17    Str: 20    XL:     7   Next: 14%
Magic:  7/7        EV:  4    Int:  9    God:
Gold:   287        SH:  9    Dex: 10    Spells: 6/6 levels left

rFire    . . .     SeeInvis +   a - +0 flail
rCold    . . .     Gourm    .   c - +0 shield
rNeg     + . .     Faith    .   v - +0 plate armour
rPois    ∞         Spirit   .   (no helmet)
rElec    +         Reflect  .   (no cloak)
rCorr    .         Harm     .   (no gloves)
MR       +....                  (no boots)
Stlth    ..........             (no amulet)
HPRegen  0.14/turn              g - ring of protection from magic
MPRegen  0.10/turn              C - ring of see invisible

@: no status effects
A: negative energy resistance 1, electricity resistance, unbreathing,
petrification resistance, rot immunity, AC +4
a: no special abilities


You were on level 5 of the Dungeon.
You were not hungry.

You visited 1 branch of the dungeon, and saw 5 of its levels.

You collected 287 gold pieces.

Inventory:

Hand Weapons
 a - a +0 flail (weapon)
Armour
 c - a +0 shield (worn)
 v - a +0 plate armour (worn)
Jewellery
 g - a ring of protection from magic (left hand)
 y - a +3 ring of protection
 C - a ring of see invisible (right hand)
Wands
 l - a wand of digging (4)
Scrolls
 h - 4 scrolls of fog {unknown}
 i - a scroll of fear {unknown}
 j - 5 scrolls of remove curse {unknown}
 k - a scroll of noise {unknown}
 o - a scroll of enchant armour {unknown}
 q - 3 scrolls of magic mapping {unknown}
 r - 2 scrolls of teleportation {unknown}
 t - a scroll of blinking {unknown}
 u - 5 scrolls of identify {unknown}
 w - 2 scrolls of amnesia {unknown}
 A - a scroll of immolation {unknown}
Potions
 b - a potion of brilliance {unknown}
 d - a potion of might
 e - 5 potions of curing {unknown}
 m - a potion of lignification {unknown}
 n - a potion of agility {unknown}
 p - a potion of degeneration {unknown}
 s - 2 potions of magic {unknown}
 x - a potion of berserk rage {unknown}
 B - 2 potions of ambrosia {unknown}
 D - 2 potions of heal wounds {unknown}
Comestibles
 f - 7 rations
 z - 4 chunks of flesh


   Skills:
 + Level 4.8 Fighting
 * Level 4.9 Maces & Flails
 + Level 4.8 Armour
 + Level 4.7 Shields


You had 6 spell levels left.
You didn't know any spells.
Your spell library contained the following spells:

 Spells                   Type           Power        Failure   Level  Hunger
 Confusing Touch          Hex            #.....       100%        1    ##.....
 Confuse                  Hex            #.......     100%        3    ####...
 Gell's Gravitas          Tloc           #.........   100%        3    ####...
 Petrify                  Tmut/Erth      #.......     100%        4    #####..
 Metabolic Englaciation   Hex/Ice        #.........   100%        5    ######.
 Yara's Violent Unravell  Hex/Tmut       #.........   100%        5    ######.


Dungeon Overview and Level Annotations

Branches:
Dungeon (5/15)
 Temple: D:4-7

Altars:
Cheibriados
Sif Muna
Wu Jian
Yredelemnul


Innate Abilities, Weirdness & Mutations

You are resistant to torment.
Your stone body is resilient. (AC +4)
You are immune to poison.
You resist negative energy. (rN+)
You are resistant to electric shocks. (rElec)
You can survive without breathing.
You are immune to petrification.
You are immune to rotting.


Message History

You are too injured to fight recklessly!
You are too injured to fight recklessly!
You are too injured to fight recklessly!
You are too injured to fight recklessly!
You are too injured to fight recklessly!
You are too injured to fight recklessly!
You are too injured to fight recklessly!
You are too injured to fight recklessly!
You are too injured to fight recklessly!
You completely miss the ogre.
The ogre is moderately wounded.
You thump the ogre!
The ogre is severely wounded.
The ogre hits you with a +0 giant club.
* * * LOW HITPOINT WARNING * * *
You hit the ogre.
The ogre is almost dead.
The ogre hits you with a +0 giant club!!
Ouch! That really hurt!
You die...

##### .... ## ...#. ## #.
..# .... ..##... ..##
..#........# ##..#
#####O#........###....
#.#..@##..............
##.....................
#......................
#..#......#............
....#.....#..##..........#
....#.<...#..##....>......
#...........#....##.#....
#.####.####....#.####....
.. ##.....##....#.# #....


You could see an ogre.

Vanquished Creatures
  An ogre (D:4)
  A hound (D:4)
  A centaur skeleton (D:5)
  Terence (D:2)
  An iguana (D:4)
  An orc wizard (D:3)
  2 worker ants (D:4)
  7 adders
  3 gnolls (D:4)
  An adder skeleton (D:5)
  2 adder zombies
  2 worms
  4 dart slugs
  5 leopard geckos
  11 orcs
  6 bats
  5 giant cockroaches
  12 hobgoblins
  8 jackals
  2 quokkas
  A ball python (D:3)
  7 frilled lizards
  8 goblins
  8 kobolds
  A quokka skeleton (D:4)
  7 rats
  A spectral orc (D:4)
109 creatures vanquished.

Notes
Turn   | Place    | Note
-------+----------+-------------------------------------------
     0 | D:1      | Morrissey the Gargoyle Fighter began the quest for the Orb.
     0 | D:1      | Reached XP level 1. HP: 14/14 MP: 1/1
   135 | D:1      | Reached XP level 2. HP: 11/19 MP: 2/2
   442 | D:1      | Reached XP level 3. HP: 22/23 MP: 3/3
  1229 | D:2      | Reached XP level 4. HP: 22/29 MP: 4/4
  1323 | D:2      | Noticed Terence
  1334 | D:2      | Killed Terence
  1475 | D:2      | Found a deep blue altar of Sif Muna.
  1598 | D:3      | Reached XP level 5. HP: 33/33 MP: 5/5
  2344 | D:4      | Reached XP level 6. HP: 39/39 MP: 6/6
  2706 | D:4      | Found a basalt altar of Yredelemnul.
  2922 | D:4      | Found a snail-covered altar of Cheibriados.
  3162 | D:4      | Reached XP level 7. HP: 31/44 MP: 7/7
  3293 | D:5      | Entered Level 5 of the Dungeon
  3293 | D:5      | Found an ornate altar of the Wu Jian Council.
  3509 | D:5      | Slain by an ogre

Skill      XL: |  1  2  3  4  5 |
---------------+----------------+-----
Maces & Flails | 3 4 |  4.9
Fighting       | 4 |  4.8
Shields        | 4 |  4.7
Armour         | 4 |  4.8

Action                   |  1- 3 |  4- 6 |  7- 9 || total
-------------------------+-------+-------+-------++-------
Melee: Flail             |   140 |   274 |    69 ||   483
  Eat: Chunk             |     1 |     7 |     1 ||     9
Armor: Scale mail        |    85 |    24 |       ||   109
       Plate armour      |       |   133 |    36 ||   169
Dodge: Dodged            |    51 |    49 |    12 ||   112
Block: Shield            |    80 |   141 |    31 ||   252
